[Event "ICCopen2017"]
[Site "Internet Chess Club"]
[Date "2017.03.26"]
[Round "2"]
[White "BrentMusburger"]
[Black "Piranha"]
[Result "1-0"]
[ICCResult "Black forfeits on time"]
[WhiteElo "2345"]
[BlackElo "1627"]
[Opening "Sicilian: dragon, Yugoslav attack"]
[ECO "B75"]
[NIC "SI.17"]
[Time "19:18:07"]
[TimeControl "180+0"]

1. e4 c5 2. Nf3 d6 3. d4 cxd4 4. Nxd4 Nf6 5. Nc3 g6 6. Be3 Bg7 7. f3 Nc6 8.
Qd2 Bd7 9. O-O-O Qa5 10. g4 O-O-O 11. Kb1 Kb8 12. Nb3 Qc7 13. Nb5 Qc8 14.
Qf2 b6 15. a4 Nb4 16. a5 a6 17. Na3 b5 18. c4 bxc4 19. Bxc4 Be6 20. Rc1 Qb7
21. Bxe6 fxe6 22. Bb6 Rc8 23. Qd2 Nc6 24. Nc4 Nd7 25. Rhd1 Nde5 26. Nxe5
Bxe5 27. f4 Bg7 28. Nd4 Nxd4 29. Bxd4 Bxd4 30. Qxd4 Rxc1+ 31. Rxc1 Rc8 32.
Rxc8+ Kxc8 33. Qc3+ Kd7 34. Qc4 Qb5 35. Qxb5+ axb5 36. Kc2 Kc6 37. Kc3 Kc5
38. b4+ Kc6 39. Kd4 d5 40. e5 Kd7 41. Kc5 {Black forfeits on time} 1-0

[Event "ICCopen2017"]
[Site "Internet Chess Club"]
[Date "2017.03.26"]
[Round "2"]
[White "croder"]
[Black "manusupergm2001"]
[Result "0-1"]
[ICCResult "White forfeits on time"]
[WhiteElo "1528"]
[BlackElo "2130"]
[Opening "Sicilian: closed, 2...Nc6"]
[ECO "B23"]
[NIC "SI.44"]
[Time "19:17:56"]
[TimeControl "180+0"]

1. e4 c5 2. Nc3 Nc6 3. d3 g6 4. Nf3 Bg7 5. Be2 e6 6. O-O Nge7 7. Bf4 O-O 8.
Qd2 d5 9. exd5 exd5 10. Bh6 Bxh6 11. Qxh6 Nf5 12. Qd2 Be6 13. Rad1 Nfd4 14.
b3 Qa5 15. Rfe1 Rfe8 16. Na4 Qxd2 17. Rxd2 Bg4 18. Kf1 Bxf3 19. Bxf3 Rxe1+
20. Kxe1 Nxf3+ 21. gxf3 b6 22. Re2 Nd4 23. Re7 Nxf3+ 24. Ke2 Nd4+ 25. Kd2
Kf8 26. Rb7 Re8 27. Rxa7 Re2+ 28. Kd1 Rxc2 29. Nxb6 Rxf2 30. Nxd5 Rxh2 31.
Ra8+ Kg7 32. a4 Nxb3 33. a5 Rd2+ 34. Ke1 Rxd3 35. Nf4 Rd4 36. Ne2 Ra4 37. a6
c4 38. Nc3 Ra5 39. a7 Nd4 40. Kd2 Nc6 41. Ke3 Rxa7 42. Rc8 Re7+ 43. Kd2 Ne5
44. Kc2 h5 45. Nd5 Rd7 46. Nf4 h4 47. Rc5 f6 48. Kc3 g5 49. Nd5 h3 50. Nb4
h2 51. Rxc4 h1=Q 52. Kb3 Qb1+ 53. Ka4 Nxc4 54. Kb5 Ne5 55. Ka5 Ra7+
{White forfeits on time}
0-1

[Event "ICCopen2017"]
[Site "Internet Chess Club"]
[Date "2017.03.26"]
[Round "2"]
[White "playwaycool"]
[Black "Dupinpon"]
[Result "1-0"]
[ICCResult "Black forfeits on time"]
[WhiteElo "2236"]
[BlackElo "1639"]
[Opening "Trompowsky attack (Ruth, Opocenský opening)"]
[ECO "A45"]
[NIC "QP.07"]
[Time "19:17:36"]
[TimeControl "180+0"]

1. d4 Nf6 2. Bg5 e6 3. e4 Be7 4. Nd2 h6 5. Bxf6 Bxf6 6. e5 Be7 7. f4 d5 8.
Ngf3 c5 9. c3 Qb6 10. Bd3 Nc6 11. dxc5 Bxc5 12. b4 Bf2+ 13. Kf1 Qe3 14. Qe2
Qxe2+ 15. Kxe2 Bb6 16. a4 a5 17. b5 Ne7 18. c4 Bd7 19. Rhc1 Rc8 20. Nb3 dxc4
21. Rxc4 Nd5 22. Rxc8+ Bxc8 23. g3 Bd7 24. Rc1 Ke7 25. Be4 Rc8 26. Rxc8 Bxc8
27. Nfd4 Nc3+ 28. Kd3 Nxe4 29. Kxe4 f6 30. Nd2 Bd7 31. Nc4 Bc7 32. Nb3 Be8
33. Nc5 Bg6+ 34. Kd4 b6 35. Nd3 h5 36. h4 Bf5 37. Ndb2 Kd7 38. Ne3 Bd8 39.
Nbc4 Bh3 40. Nd2 Kc7 41. Ne4 Be7 42. Nc4 Bg2 43. Ncd2 Bb4 44. Nc4 Bf1 45.
Ned2 Bg2 46. Ne4 Bf3 47. exf6 Bxe4 48. Kxe4 gxf6 49. f5 e5 50. Ne3 Bc5 51.
g4 Kd6 52. gxh5 Ke7 53. Nd5+ Kf7 54. h6 Kg8 55. Nxf6+ Kh8 56. h5 Bd4 57. Kd5
e4 58. Nxe4 Bf6 59. Kc6 Bg5 60. Kxb6 Bxh6 61. Kxa5 Be3 62. Ka6 Bd4 63. b6
Kg7 64. b7 Be5 65. Kb6 Kh6 66. a5 Kxh5 67. a6 Kg4 68. a7 Kxf5 69. b8=Q
{Black forfeits on time}
1-0

[Event "ICCopen2017"]
[Site "Internet Chess Club"]
[Date "2017.03.26"]
[Round "2"]
[White "cgi-chess"]
[Black "GranTorre"]
[Result "0-1"]
[ICCResult "White forfeits on time"]
[WhiteElo "1393"]
[BlackElo "1850"]
[Opening "Sicilian: Alapin's variation (2.c3)"]
[ECO "B22"]
[NIC "SI.46"]
[Time "19:18:08"]
[TimeControl "180+0"]

1. e4 c5 2. c3 g6 3. d4 b6 4. Be3 Qc7 5. Nd2 Bg7 6. Bd3 Nf6 7. f3 O-O 8. Ne2
Bb7 9. O-O d6 10. Ng3 Nc6 11. Rc1 Nd7 12. d5 Nce5 13. Bb1 Ba6 14. c4 b5 15.
b3 bxc4 16. bxc4 Nb6 17. Qe2 h5 18. Rfe1 Rab8 19. Bd3 h4 20. Ngf1 Na4 21.
Nb3 Nb2 22. Rc3 Nexd3 23. Rxd3 Nxd3 24. Qxd3 Rb4 25. Bd2 Bxc4 26. Qc2 Bxb3
27. axb3 Rb5 28. Ne3 Bd4 29. Kh1 h3 30. g3 Rfb8 31. Rb1 a5 32. Nc4 a4
{White forfeits on time}
0-1

[Event "ICCopen2017"]
[Site "Internet Chess Club"]
[Date "2017.03.26"]
[Round "2"]
[White "fisherino"]
[Black "Cramagica"]
[Result "1-0"]
[ICCResult "Black forfeits on time"]
[WhiteElo "1587"]
[BlackElo "1096"]
[Opening "Sicilian: Najdorf, 6.Bg5"]
[ECO "B94"]
[NIC "SI.04"]
[Time "19:18:06"]
[TimeControl "180+0"]

1. e4 c5 2. Nf3 d6 3. d4 cxd4 4. Nxd4 Nf6 5. Nc3 a6 6. Bg5 e5 7. Bxf6 Qxf6
8. Nd5 Qd8 9. Nf5 Be6 10. Bc4 b5 11. Bb3 Nc6 12. c3 Na5 13. Nfe3 Nxb3 14.
axb3 Be7 15. O-O O-O 16. f4 exf4 17. Nxf4 Bd7 18. Nfd5 Bc6 19. Qd4 f6 20.
Nf4 Qd7 21. c4 bxc4 22. bxc4 Rfe8 23. Ned5 Bf8 24. Nb6 Qb7 25. Nxa8 Rxe4 26.
Qb6 Qxa8 27. Rae1 Rxe1 28. Rxe1 h6 29. Ng6 Qb7 30. Qxb7 Bxb7 31. Re8 Kf7 32.
Rxf8+ Kxg6 33. Rd8 d5 34. cxd5 a5 35. d6 Bc6 36. Rc8 Bd7 37. Rc7
{Black forfeits on time}
1-0

[Event "ICCopen2017"]
[Site "Internet Chess Club"]
[Date "2017.03.26"]
[Round "2"]
[White "aplusk"]
[Black "MLorenzini"]
[Result "1-0"]
[ICCResult "Black resigns"]
[WhiteElo "2764"]
[BlackElo "1987"]
[Opening "Scandinavian (center counter) defense"]
[ECO "B01"]
[NIC "VO.17"]
[Time "19:17:22"]
[TimeControl "180+0"]

1. e4 d5 2. d3 c6 3. Nd2 g6 4. g3 Bg7 5. Bg2 e5 6. Ne2 Ne7 7. O-O O-O 8. a3
Nd7 9. b4 a5 10. Rb1 axb4 11. axb4 Nb6 12. b5 c5 13. c4 d4 14. f4 Bg4 15.
Bf3 Qd7 16. Bxg4 Qxg4 17. Nb3 Na4 18. fxe5 Bxe5 19. Bh6 Bg7 20. Bxg7 Kxg7
21. Nf4 Qxd1 22. Rbxd1 b6 23. Nd5 Ra7 24. Ra1 Rfa8 25. Rxa4 Rxa4 26. Nxb6
Ra3 27. Nxa8 Rxb3 28. Rd1 g5 29. Nc7 Ng6 30. Na6 Ne5 31. Nxc5 Rb2 32. Rf1 g4
33. Rf2 Nf3+ 34. Kg2 Rb1 35. Rxf3 gxf3+ 36. Kxf3 Kf6 37. b6 Ke7 38. e5 Rxb6
39. Ke4 Rb2 40. Kxd4 Rxh2 41. Kd5 Rg2 42. Ne4 h5 43. c5 Kd7 44. d4 Kc7 45.
Kc4 Re2 46. Kd3 Ra2 47. Nf6 Ra3+ 48. Ke4 Rxg3 49. Nxh5 Ra3 50. Nf4 Kd7 51.
Nd5 Ke6 52. Nc7+ Ke7 53. Nb5 Ra4 54. Nd6 Ra1 55. Nf5+ Ke6 56. d5+ Kd7 57.
c6+ Kc7 58. Nd4 Re1+ 59. Kf5 Rf1+ 60. Kg5 Rd1 61. d6+ Kb6 62. c7 Kb7 63. Nf5
Rd5 64. Kf6 Kc8 65. Ne7+ Kd7 66. Nxd5 Kc8 67. Nb6+ Kb7 68. c8=Q+ Ka7 69.
Kxf7 Kxb6 70. d7 Kb5 71. d8=Q {Black resigns} 1-0

[Event "ICCopen2017"]
[Site "Internet Chess Club"]
[Date "2017.03.26"]
[Round "2"]
[White "wmanthony"]
[Black "ChessOlympian"]
[Result "0-1"]
[ICCResult "White forfeits on time"]
[WhiteElo "1323"]
[BlackElo "1637"]
[Opening "Queen's pawn: London system"]
[ECO "A45"]
[NIC "QP.07"]
[Time "19:17:47"]
[TimeControl "180+0"]

1. d4 Nf6 2. Bf4 g6 3. e3 Bg7 4. Nf3 O-O 5. Nbd2 d6 6. c3 Qe8 7. Bd3 Nbd7 8.
O-O e5 9. Bg5 e4 10. Nxe4 Nxe4 11. Qc2 Nxg5 12. Nxg5 Qe7 13. h4 Nf6 14. Rae1
h6 15. Nf3 Nh5 16. e4 Nf4 17. e5 d5 18. b3 Bg4 19. Nh2 Be6 20. g3 Nxd3 21.
Qxd3 c5 22. Re3 Rac8 23. Rfe1 cxd4 24. cxd4 a6 25. a4 Bf5 26. Qf1 Rc2 27.
Qg2 Be6 28. Nf3 Rfc8 29. Qf1 Bf5 30. Nh2 Rb2 31. g4 Be6 32. Qh3 Rcc2 33. Qg3
Rxf2 34. Qxf2 Rxf2 35. Kxf2 Qxh4+ 36. Kg2 Bxg4 {White forfeits on time} 0-1

[Event "ICCopen2017"]
[Site "Internet Chess Club"]
[Date "2017.03.26"]
[Round "2"]
[White "MasterMind"]
[Black "TricksOnly"]
[Result "0-1"]
[ICCResult "White checkmated"]
[WhiteElo "1783"]
[BlackElo "2203"]
[Opening "QGD Slav: exchange variation, 6.Bf4 Bf5"]
[ECO "D14"]
[NIC "SL.02"]
[Time "19:17:33"]
[TimeControl "180+0"]

1. Nf3 d5 2. d4 Nf6 3. c4 c6 4. cxd5 cxd5 5. Nc3 Nc6 6. Bf4 Bf5 7. e3 e6 8.
Be2 Bd6 9. Bg3 O-O 10. O-O Bxg3 11. hxg3 a6 12. Na4 Nd7 13. Rc1 Rc8 14. Ne1
Qa5 15. Bd3 Bxd3 16. Nxd3 b5 17. Nac5 Nxc5 18. Nxc5 Qxa2 19. b3 Qa5 20. Ra1
Qc7 21. Rxa6 Nb4 22. Ra3 e5 23. Qd2 Nc6 24. Rc1 exd4 25. exd4 Qe7 26. Qd3
Rb8 27. Ra6 Nb4 28. Qd2 Nxa6 29. Nxa6 Rbe8 30. Rc5 Qe1+ 31. Qxe1 Rxe1+ 32.
Kh2 Rd8 33. Rxb5 Rd1 34. Rb4 g6 35. f3 Re8 36. g4 Re2 37. Nc7 Rdd2 38. Kg3
g5 39. f4 Re3+ 40. Kh2 gxf4 41. Nxd5 Rg3 42. Nxf4 Rxg4 43. d5 Rdxg2+ 44.
Nxg2 Rxb4 45. Ne3 Rxb3 46. Nf5 Kf8 47. Kg2 h5 48. Kf2 f6 49. Ne3 Kf7 50. Nc4
Kg6 51. Nd6 Rd3 52. Ne4 Rxd5 53. Kf3 Rf5+ 54. Kg3 Re5 55. Nd2 Re3+ 56. Nf3
Rxf3+ 57. Kxf3 Kg5 58. Kg3 f5 59. Kh2 Kg4 60. Kg2 Kf4 61. Kf2 h4 62. Kg2 Ke3
63. Kh2 Ke2 64. Kg1 f4 65. Kg2 f3+ 66. Kh3 f2 67. Kh2 h3 68. Kg3 f1=Q 69.
Kh2 Qg2# {White checkmated} 0-1

[Event "ICCopen2017"]
[Site "Internet Chess Club"]
[Date "2017.03.26"]
[Round "2"]
[White "MAU"]
[Black "JohannesHaugish"]
[Result "0-1"]
[ICCResult "White forfeits on time"]
[WhiteElo "1703"]
[BlackElo "1626"]
[Opening "Queen's pawn: Torre attack"]
[ECO "A46"]
[NIC "QP.04"]
[Time "19:17:43"]
[TimeControl "180+0"]

1. Nf3 Nf6 2. d4 e6 3. Bg5 Be7 4. c3 O-O 5. Nbd2 d5 6. Qc2 Nbd7 7. e4 dxe4
8. Nxe4 Nxe4 9. Bxe7 Qxe7 10. Qxe4 Nf6 11. Qh4 Nd5 12. Qg3 Qd6 13. Bc4 Qxg3
14. hxg3 b6 15. O-O-O Bb7 16. Bd3 h6 17. g4 Nf4 18. Bf1 Bxf3 19. gxf3 Kh7
20. Kd2 g5 21. Ke3 Kg6 22. Bb5 Rad8 23. Bc6 Rd6 24. Be4+ f5 25. gxf5+ exf5
26. Bd3 c5 27. Bc4 Re8+ 28. Kd2 cxd4 29. cxd4 Rxd4+ 30. Kc3 Rdd8 31. Rxd8
Rxd8 32. Re1 Kf6 33. Rh1 h5 34. Re1 h4 35. b4 h3 36. b5 g4 37. fxg4 fxg4 38.
Rg1 Kg5 39. Kb4 h2 40. Rh1 Rh8 41. Bf1 Kf5 42. Kc3 Ke4 43. Kd2 Kf3 44. Ke1
g3 45. fxg3 Kxg3 46. Kd2 Kf2 47. Bc4 Kg2 {White forfeits on time} 0-1

[Event "ICCopen2017"]
[Site "Internet Chess Club"]
[Date "2017.03.26"]
[Round "2"]
[White "LittleMaster"]
[Black "giovana64"]
[Result "1-0"]
[ICCResult "Black resigns"]
[WhiteElo "2326"]
[BlackElo "1576"]
[Opening "Scandinavian (center counter) defense"]
[ECO "B01"]
[NIC "SD.01"]
[Time "19:18:14"]
[TimeControl "180+0"]

1. e4 d5 2. exd5 Qxd5 3. Nc3 Qa5 4. Nf3 Nf6 5. d4 Bg4 6. Bd2 c6 7. Be2 Qc7
8. O-O e6 9. h3 Bh5 10. Be3 Be7 11. Ne5 Bxe2 12. Qxe2 O-O 13. Rad1 Nbd7 14.
f4 Rfd8 15. g4 Nb6 16. Bc1 c5 17. dxc5 Bxc5+ 18. Be3 Nfd5 19. Nxd5 Nxd5 20.
Bxc5 Qxc5+ 21. Kh2 Ne3 22. Rxd8+ Rxd8 23. Rf3 Nd5 24. c3 f6 25. Nd3 Qc7 26.
Qxe6+ Kh8 27. Rf2 Qc4 28. Re2 h6 29. Qe4 Qc7 30. Kg2 Rd7 31. Rf2 Qb6 32.
Qe8+ Kh7 33. Qxd7 Ne3+ 34. Kf3 Nd1 35. Qf5+ Kg8 36. Qd5+ Kh8 37. Nc5 Nxf2
38. Kxf2 Qxb2+ 39. Ke3 Qxc3+ 40. Nd3 Qc4 41. Qxc4 {Black resigns} 1-0

[Event "ICCopen2017"]
[Site "Internet Chess Club"]
[Date "2017.03.26"]
[Round "2"]
[White "BronStorm"]
[Black "TrendFriend"]
[Result "0-1"]
[ICCResult "White forfeits on time"]
[WhiteElo "1881"]
[BlackElo "2416"]
[Opening "Sicilian"]
[ECO "B56"]
[NIC "SI.25"]
[Time "19:17:46"]
[TimeControl "180+0"]

1. e4 c5 2. Nf3 d6 3. d4 Nf6 4. Nc3 cxd4 5. Nxd4 Nc6 6. f3 e6 7. Be3 d5 8.
Bb5 Bd7 9. exd5 exd5 10. O-O Bc5 11. Kh1 Bb6 12. Qd2 O-O 13. Rad1 Re8 14.
Bg1 Rc8 15. Nb3 Be6 16. Nc5 Qc7 17. Nxe6 fxe6 18. Ne2 Kh8 19. c3 Bxg1 20.
Rxg1 e5 21. Ng3 a6 22. Bd3 Rcd8 23. Bb1 Ne7 24. Qg5 Neg8 25. Rge1 g6 26. Nf1
Re7 27. Ne3 Red7 28. Ng4 Nxg4 29. fxg4 Re8 30. Qh4 Qd6 31. g5 Kg7 32. Rf1
Rf8 33. Rxf8 Qxf8 34. h3 Ne7 35. Bd3 Kg8 36. Rf1 Qg7 37. Bc2 Nc6 38. Qg4 Qe7
39. Bb3 Na5 40. Qf3 Nxb3 41. axb3 Qf7 42. Qe2 Qe6 43. b4 Rf7 44. Re1 Rf5 45.
Qe3 e4 46. Qc5 Rf8 47. Qc7 Qf7 48. Qg3 Qf4 49. Kh2 Qf5 {White forfeits on
time} 0-1

[Event "ICCopen2017"]
[Site "Internet Chess Club"]
[Date "2017.03.26"]
[Round "2"]
[White "patterncircular"]
[Black "Discoverchess"]
[Result "0-1"]
[ICCResult "White forfeits on time"]
[WhiteElo "2055"]
[BlackElo "2781"]
[Opening "Réti opening"]
[ECO "A04"]
[NIC "QP.10"]
[Time "19:17:57"]
[TimeControl "180+0"]

1. Nf3 c5 2. d3 g6 3. c3 Bg7 4. Bf4 d5 5. Nbd2 Nc6 6. h3 Nf6 7. e4 O-O 8.
Be2 b6 9. O-O Bb7 10. Qc2 Rc8 11. Rfe1 Re8 12. Rad1 e5 13. Bh2 Qd7 14. a3 a5
15. Kh1 Nh5 16. Qb1 b5 17. Ng1 d4 18. Bg4 f5 19. exf5 Nf6 20. fxg6 Nxg4 21.
gxh7+ Kh8 22. hxg4 Qxg4 23. Ne4 Ne7 24. f3 Qg6 25. Qc2 Nf5 26. Qf2 Ne3 27.
Rxe3 dxe3 28. Qxe3 c4 29. dxc4 Rxc4 30. Nd6 Rd8 31. Nf7+ Qxf7 32. Rxd8+ Kxh7
33. Nh3 Bf6 34. Qd3+ e4 35. Qd7 Kg7 36. Qxf7+ Kxf7 37. Rd7+ Ke8 38. Rxb7 e3
39. Bg3 e2 40. Rxb5 Bh4 41. Bxh4 Rxh4 42. Re5+ Kd7 43. Rxe2 Kc6 44. Kh2 Rh8
45. Kg3 Kc5 46. Kf2 Kc4 47. Re4+ Kb3 48. Ra4 Kxa4 49. f4 Kb3 50. f5 Kxb2 51.
Kf3 Kxa3 52. Kf4 Kb3 53. f6 a4 54. f7 Rf8 55. Ng5 a3 {White forfeits on
time} 0-1

[Event "ICCopen2017"]
[Site "Internet Chess Club"]
[Date "2017.03.26"]
[Round "2"]
[White "Shadeath"]
[Black "KH"]
[Result "0-1"]
[ICCResult "White forfeits on time"]
[WhiteElo "2784"]
[BlackElo "2086"]
[Opening "Nimzovich-Larsen attack: Polish variation"]
[ECO "A01"]
[NIC "VO.08"]
[Time "19:17:54"]
[TimeControl "180+0"]

1. b3 b5 2. e4 Bb7 3. Bxb5 Bxe4 4. Nf3 Nf6 5. O-O g6 6. Nc3 Bb7 7. Bb2 Bg7
8. d4 O-O 9. Ne2 Bxf3 10. gxf3 c6 11. Bd3 d5 12. f4 e6 13. Bc1 Qc7 14. Be3
Nbd7 15. b4 Rfb8 16. a3 a6 17. f3 Ne8 18. Kh1 Nd6 19. Rg1 Nb6 20. Qf1 Nbc4
21. Bf2 a5 22. c3 axb4 23. axb4 Qb7 24. Qh3 Rxa1 25. Rxa1 Ra8 26. Qf1 Nd2
27. Rxa8+ Qxa8 28. Qd1 N2c4 29. Qb1 Qa3 30. Qc1 Qa2 31. Qc2 Qa1+ 32. Qc1 Qa2
33. Qc2 Qa7 34. Kg2 h5 35. Qc1 Bh6 36. Bh4 Qa2 37. Bf2 Nf5 38. Kg1 Kg7 39.
h3 Kg8 40. Qc2 Qxc2 41. Bxc2 Nfe3 42. Bd3 Nd1 43. Be1 Ndb2 44. Bc2 Ne3 45.
Bb3 Nbc4 46. Bxc4 Nxc4 47. Kf2 Kf8 48. Nc1 Bxf4 49. Nd3 Bd6 50. Ke2 Ke7 51.
Bh4+ f6 52. Be1 g5 53. Bf2 f5 54. Be1 Kf6 55. Bf2 Kg6 56. Be1 Kf6 57. Bf2 e5
58. dxe5+ Bxe5 59. Bd4 Bxd4 60. cxd4 f4 61. h4 gxh4 62. Nxf4 Kg5 63. Nh3+
Kf5 64. Kf2 Nd2 65. Ng1 Nb3 66. Ne2 h3 67. Kg3 Nd2 68. Ng1 Nb3 69. Ne2 Nd2
70. Ng1 Kg5 71. Nxh3+ Kf5 72. Ng1 Nb3 73. Ne2 Nd2 74. Kg2 h4 75. Kh3 Nxf3
76. Nc3 Nxd4 77. b5 Nxb5 78. Ne2 Ke4 79. Kxh4 Ke3 80. Ng3 d4 81. Nf5+ Kd3
82. Nd6 c5 83. Nxb5 c4 84. Kg3 c3 85. Kf2 Kc4 86. Nxd4 Kxd4 87. Ke2 Kc4 88.
Kd1 Kd3 89. Kc1 c2 90. Kb2 Kd2 91. Kb3 c1=Q {White forfeits on time} 0-1

[Event "ICCopen2017"]
[Site "Internet Chess Club"]
[Date "2017.03.26"]
[Round "2"]
[White "fishmaster"]
[Black "AnthonyRaelund"]
[Result "1-0"]
[ICCResult "Black forfeits on time"]
[WhiteElo "1745"]
[BlackElo "1418"]
[Opening "Sicilian"]
[ECO "B50"]
[NIC "SI.01"]
[Time "19:17:57"]
[TimeControl "180+0"]

1. e4 c5 2. Nf3 d6 3. c3 Nf6 4. Be2 Nc6 5. d4 cxd4 6. cxd4 Nxe4 7. d5 Qa5+
8. Nc3 Nxc3 9. bxc3 Nb8 10. Bd2 g6 11. O-O Bg7 12. c4 Qc7 13. Rc1 Nd7 14.
Be3 b6 15. Nd4 Bb7 16. Nb5 Qd8 17. Bd4 Bxd4 18. Qxd4 O-O 19. Nc3 Nc5 20. Ne4
Rc8 21. Ng5 h6 22. Ne4 Nxe4 23. Qxe4 Rc5 24. h4 Qc7 25. h5 Kg7 26. Bd3 f5
27. Qd4+ Rf6 28. hxg6 Kxg6 29. g3 Bxd5 30. Qh4 Bxc4 31. Rxc4 Rxc4 32. Bxc4
f4 33. Qg4+ Kh7 34. Bd3+ Kh8 35. gxf4 d5 36. f5 Qc3 37. Qe2 Qd4 38. Kg2 Qb4
39. Rh1 Kh7 40. a3 Qd6 41. Qf3 Qe5 42. Re1 {Black forfeits on time} 1-0

[Event "ICCopen2017"]
[Site "Internet Chess Club"]
[Date "2017.03.26"]
[Round "2"]
[White "cap78red"]
[Black "ComeonJimtal"]
[Result "0-1"]
[ICCResult "White forfeits on time"]
[WhiteElo "1323"]
[BlackElo "1775"]
[Opening "English: Mikenas-Carls variation"]
[ECO "A18"]
[NIC "EO.64"]
[Time "19:17:51"]
[TimeControl "180+0"]

1. c4 e6 2. Nc3 Nf6 3. e4 d6 4. d3 Be7 5. g3 c6 6. Bh3 e5 7. Bxc8 Qxc8 8. h4
Nbd7 9. Nh3 Nf8 10. Ng5 h6 11. Nf3 Ng6 12. Kf1 a6 13. Kg2 Qc7 14. d4 exd4
15. Qxd4 O-O 16. e5 dxe5 17. Qe3 Ng4 18. Qe2 f5 19. Bd2 e4 20. Nd4 Rad8 21.
Ne6 Qe5 22. Nxf8 Rxf8 23. Rae1 Bd6 24. h5 Ne7 25. f4 exf3+ 26. Qxf3 Qd4 27.
Rd1 Qxc4 28. Bf4 Bxf4 29. Qxf4 Nd5 30. Qxc4 Ne3+ 31. Kf3 Nxc4 32. Nxd5 cxd5
33. Rxd5 f4 34. Rd4 fxg3+ 35. Kxg3 Ne5 36. Rhd1 Rf3+ 37. Kg2 Rf5 38. Rd5
Rxh5 39. Re1 Rg5+ 40. Kh3 Rh5+ 41. Kg2 Rg5+ 42. Kf1 Rf5+ 43. Ke2 Rg5 44. Kd1
Nf7 45. Rxg5 Nxg5 46. Re7 b5 47. Ra7 h5 48. Rxa6 h4 49. Rd6 Ne4 50. Rd4 Nf2+
51. Ke2 Nh3 52. Rxh4 Ng5 53. Rh5 Ne6 54. Rxb5 Nd4+ 55. Kd3 Nxb5 56. a4 Nc7
57. a5 Kf7 58. Kc4 Ke6 59. Kc5 g5 60. Kb6 g4 61. Kxc7 g3 62. a6 g2 63. a7
g1=Q 64. a8=Q Qc1+ {White forfeits on time} 0-1

[Event "ICCopen2017"]
[Site "Internet Chess Club"]
[Date "2017.03.26"]
[Round "2"]
[White "Sebs"]
[Black "simplerxiao"]
[Result "1-0"]
[ICCResult "Black checkmated"]
[WhiteElo "2997"]
[BlackElo "2109"]
[Opening "Budapest: Rubinstein variation"]
[ECO "A52"]
[NIC "QG.01"]
[Time "19:18:05"]
[TimeControl "180+0"]

1. d4 Nf6 2. c4 e5 3. dxe5 Ng4 4. Bf4 Nc6 5. Nf3 Bb4+ 6. Nbd2 Qe7 7. a3
Bxd2+ 8. Qxd2 Ngxe5 9. Nxe5 Nxe5 10. e3 d6 11. Be2 O-O 12. O-O Be6 13. Rac1
Rad8 14. Bg3 Ng6 15. b4 d5 16. cxd5 Rxd5 17. Qc3 c6 18. e4 Rd7 19. f4 f5 20.
e5 Rfd8 21. Be1 Kh8 22. g3 Bd5 23. Qc5 Qxc5+ 24. Rxc5 Nf8 25. Bf2 Ne6 26.
Rcc1 Be4 27. Bc4 Nd4 28. Bxd4 Rxd4 29. Bf7 Rd2 30. Rf2 Rxf2 31. Kxf2 Rd2+
32. Ke3 Rd3+ 33. Ke2 g6 34. e6 Kg7 35. Rc5 Kf8 36. Ra5 a6 37. a4 Ke7 38. b5
Rd5 39. bxa6 Bd3+ 40. Ke3 Bxa6 41. Rxd5 cxd5 42. Kd4 Bc4 43. a5 Kd6 44. Bg8
h6 45. Bh7 Kxe6 46. Bxg6 Ba2 47. Kc5 Bc4 48. Be8 Ba6 49. Ba4 d4 50. Kxd4 Kd6
51. Bc2 Bf1 52. Bxf5 Kc6 53. Be4+ Kc7 54. Kc5 Be2 55. Bd5 Bg4 56. Bf7 Bf5
57. Bh5 Be6 58. g4 Bg8 59. f5 Bh7 60. f6 Bg8 61. f7 Bxf7 62. Bxf7 Kd7 63.
Bd5 Ke7 64. Bxb7 Ke6 65. a6 Ke5 66. a7 Kf4 67. a8=Q Kg5 68. Qd8+ Kf4 69.
Qf6+ Kxg4 70. Qxh6 Kf5 71. Bc8+ Ke5 72. Qe6+ Kf4 73. Qg4+ Ke3 74. Bf5 Kd2
75. Kd4 Kc1 76. Qg1+ Kb2 77. Qb1+ Ka3 78. Kc4 Ka4 79. Qa1# {Black
checkmated} 1-0

[Event "ICCopen2017"]
[Site "Internet Chess Club"]
[Date "2017.03.26"]
[Round "2"]
[White "leonardoalmeida"]
[Black "blackending"]
[Result "0-1"]
[ICCResult "White forfeits on time"]
[WhiteElo "1792"]
[BlackElo "1551"]
[Opening "English opening"]
[ECO "E70"]
[NIC "KI.31"]
[Time "19:18:06"]
[TimeControl "180+0"]

1. c4 Nf6 2. Nc3 g6 3. e4 d6 4. d4 Bg7 5. Bd3 O-O 6. Nge2 Nbd7 7. O-O e5 8.
d5 a5 9. a3 Nc5 10. Bc2 Nfd7 11. f4 exf4 12. Nxf4 Ne5 13. Kh1 Nxc4 14. Nd3
Nxd3 15. Qxd3 Ne5 16. Qd1 Bd7 17. Be3 f5 18. exf5 gxf5 19. Bd4 Qg5 20. Ne2
Rae8 21. Nf4 Ng4 22. Bxg7 Qxg7 23. Ne6 Bxe6 24. dxe6 Ne3 25. Qe2 Nxf1 26.
Rxf1 Kh8 27. h3 Qe5 28. Qc4 d5 29. Qc5 Qd6 30. Qxa5 Rxe6 31. Qc3+ Ref6 32.
Qd4 c5 33. Qd3 c4 34. Qd4 f4 35. Rf3 Qe6 36. Kh2 Kg8 37. b3 b5 38. bxc4 bxc4
39. a4 Kf7 40. a5 Ke7 41. a6 Qxa6 42. Qxd5 Qd6 43. Qb7+ Qd7 44. Qb4+ Qd6 45.
Qxc4 Rg6 46. Bxg6 hxg6 47. Qe2+ Qe6 48. Qf2 g5 49. Rd3 Rf6 50. Rd2 Kf7 51.
Re2 Kg7 52. Rxe6 Rxe6 53. Qf3 Re3 54. Qg4 Kg6 55. Qd7 Rg3 56. Qd4 Kh5 57.
Qd5 Kg6 58. Qd6+ Kh5 {White forfeits on time} 0-1

[Event "ICCopen2017"]
[Site "Internet Chess Club"]
[Date "2017.03.26"]
[Round "2"]
[White "nadalthegreat"]
[Black "OparinGrigoriy"]
[Result "1-0"]
[ICCResult "Black forfeits on time"]
[WhiteElo "2096"]
[BlackElo "2770"]
[Opening "Nimzo-Indian defense"]
[ECO "E20"]
[NIC "NI.30"]
[Time "19:17:48"]
[TimeControl "180+0"]

1. d4 Nf6 2. c4 e6 3. Nc3 Bb4 4. Bd2 O-O 5. g3 d5 6. cxd5 exd5 7. Bg2 c6 8.
Nf3 Re8 9. O-O Bd6 10. Re1 a5 11. Rc1 Bg4 12. h3 Bh5 13. Na4 Nbd7 14. Nc5
Bxc5 15. dxc5 Ne4 16. Be3 Nxg3 17. Bg5 f6 18. Bxf6 Nxe2+ 19. Rxe2 Qxf6 20.
Rc3 Rxe2 21. Qxe2 Re8 22. Re3 Rxe3 23. Qxe3 Bxf3 24. Bxf3 Kf8 25. Qa3 Ne5
26. Bg2 Qd8 27. Qe3 Nf7 28. Qb3 Qe7 29. Qb6 Qe1+ 30. Bf1 Qb4 31. Qa7 g6 32.
Qb8+ Kg7 33. Qa7 Qxb2 34. Qxa5 Qe5 35. Qd2 Qg5+ 36. Qxg5 Nxg5 37. Bd3 Ne6
38. a4 Nxc5 39. Bc2 Kf6 40. Kf1 h5 41. Ke2 h4 42. Ke3 g5 43. f4 Ne6 44.
fxg5+ Kxg5 45. Bd1 Kf6 46. Bg4 Ke5 47. a5 Nc5 48. Kd2 d4 49. Bh5 Kd5 50. Be8
Kd6 51. Bf7 Na6 52. Bh5 Nc7 53. Bg4 c5 54. Kd3 c4+ 55. Kxc4 Ke5 56. Kd3 Na6
57. Bf3 {Black forfeits on time} 1-0

[Event "ICCopen2017"]
[Site "Internet Chess Club"]
[Date "2017.03.26"]
[Round "2"]
[White "Alright2015"]
[Black "Mephisto521"]
[Result "1-0"]
[ICCResult "Black resigns"]
[WhiteElo "2209"]
[BlackElo "1575"]
[Opening "English opening: Agincourt variation"]
[ECO "A13"]
[NIC "QP.11"]
[Time "19:21:36"]
[TimeControl "180+0"]

1. Nf3 e6 2. c4 d5 3. e3 c5 4. b3 d4 5. exd4 cxd4 6. g3 Nc6 7. Bg2 Nf6 8.
O-O e5 9. Re1 Bd6 10. Ba3 O-O 11. c5 Bc7 12. d3 a5 13. Nbd2 Nb4 14. Nc4 Nfd5
15. Bxb4 axb4 16. Nfxe5 Nc3 17. Qh5 g6 18. Qh6 Be6 19. Nf3 Qf6 20. Ng5 Qg7
21. Qxg7+ Kxg7 22. Rxe6 fxe6 23. Nxe6+ Kg8 24. Nxc7 Rxa2 25. Rxa2 Nxa2 26.
Bxb7 Nc1 27. Ne6 Rb8 28. c6 Nxd3 29. c7 Re8 30. Nxd4 Ne5 31. Nxe5
{Black resigns}
1-0

[Event "ICCopen2017"]
[Site "Internet Chess Club"]
[Date "2017.03.26"]
[Round "2"]
[White "ziggyalbert"]
[Black "SONICS71"]
[Result "0-1"]
[ICCResult "White resigns"]
[WhiteElo "1306"]
[BlackElo "1789"]
[Opening "Alekhine's defense: Balogh variation"]
[ECO "B03"]
[NIC "AL.09"]
[Time "19:19:35"]
[TimeControl "180+0"]

1. e4 Nf6 2. e5 Nd5 3. d4 d6 4. Bc4 Nb6 5. Bb3 dxe5 6. dxe5 Qxd1+ 7. Kxd1
Bf5 8. Nf3 h6 9. Nc3 c6 10. Be3 e6 11. Ke2 N8d7 12. Rhd1 Nd5 13. Nxd5 cxd5
14. c4 dxc4 15. Bxc4 Be7 16. Bb5 Rd8 17. Rac1 Bg4 18. h3 Bxf3+ 19. Kxf3 a6
20. Bxd7+ Rxd7 21. Rc8+ Bd8 22. Rxd7 Kxd7 23. Rb8 Kc7 24. Ba7 g5 25. g4 f6
26. exf6 Bxf6 27. Rxh8 Bxh8 28. Bc5 Kc6 29. Bf8 Bxb2 30. Bxh6 Kd5 31. Bxg5
b5 32. h4 e5 33. h5 e4+ 34. Ke3 Bc1+ 35. Ke2 Bxg5 36. f4 exf3+ 37. Kxf3 a5
{White resigns}
0-1